Map: Orbital Shipyard

Players

JFDeimos - Winner!

  • Race: Zerg Zerg
  • League: Grandmaster

GHF

  • Race: Terran Terran
  • League: Grandmaster

VOD

Have the link to the VOD?

Description

Time

  • Played on: May 28, 2015, 12:54 a.m.
  • Length: 12:52
Show
View Real Time Build Order
Export as new Build Order

JFDeimos Zerg - Winner!

Build Orders: Hatch First, Lurkers 

Get SALT Encoding   

  12  0:01  Drone  
  13  0:10  Drone  
  14  0:18  Extractor  
  14  0:19  Drone  
  14  0:23  Overlord  
  15  0:41  Drone  
  15  0:42  Drone  
  17  0:51  Drone  
  17  0:55  Drone  
  19  1:11  Hatchery  
  19  1:14  Drone  
  19  1:16  Drone  
  20  1:20  Extractor  
  20  1:24  Spawning Pool  
  18  1:27  Overlord  
  18  1:42  Drone  
  19  1:51  Drone  
  20  1:59  Drone  
  21  2:12  Queen  
  21  2:13  Zergling x2  
  24  2:21  Zergling x2  
  25  2:23  Queen  
  27  2:32  Zergling x4  
  29  2:39  Zergling x2  
  30  2:53  Drone x3  
  30  2:56  Lair  
  33  3:05  Hatchery, Drone, Extractor  
  33  3:06  Drone  
  33  3:10  Queen  
  35  3:14  Drone  
  35  3:17  Overlord  
  35  3:19  Overlord  
  36  3:39  Drone x7  
  43  3:44  Drone x2  
  45  4:15  Roach Warren, Extractor  
  45  4:16  Extractor  
  42  4:18  Drone x2  
  42  4:20  Hydralisk Den  
  42  4:23  Drone x3  
  46  4:24  Drone x3  
  46  4:27  Drone  
  46  4:29  Overlord x2  
  50  4:40  Spine Crawler  
  50  4:43  Drone, Overlord  
  50  4:44  Overlord  
  50  4:49  Queen  
  52  4:56  Drone  
  52  4:57  Drone x2  
  52  4:59  Drone x3  
  58  5:01  Drone  
  59  5:08  Drone x3  
  61  5:16  Lurker Den  
  61  5:25  Roach x2  
  61  5:26  Roach x5  
  75  5:54  Pneumatized Carapace  
  75  5:56  Ventral Sacs  
  74  6:16  Hydralisk x3  
  80  6:19  Overlord x3  
  80  6:20  Overlord x2  
  80  6:26  Evolution Chamber x2  
  80  6:28  Glial Reconstitution  
  80  6:31  Roach  
  80  6:37  Hydralisk  
  80  6:38  Hydralisk  
  84  6:52  Lurker x3  
  87  6:56  Drone  
  87  6:57  Drone x5  
  87  6:59  Drone x11  
  104  7:02  Extractor  
  104  7:03  Extractor  
  104  7:06  Zerg Missile Weapons Level 1  
  104  7:07  Zerg Ground Armor Level 1  
  102  7:10  Lurker, Infestation Pit  
  102  7:11  Lurker  
  103  7:29  Overlord x4  
  103  7:49  Hydralisk x11  
  125  7:58  Drone x3  
  127  7:59  Drone x3  
  127  8:01  Spore Crawler  
  127  8:02  Spore Crawler  
  129  8:09  Spire  
  128  8:36  Overlord x4  
  128  8:37  Hatchery, Hydralisk, Extractor  
  128  8:38  Hydralisk x7, Extractor  
  141  8:44  Baneling Nest  
  140  8:54  Hive  
  137  9:32  Roach x20  
  137  9:33  Roach x3  
  137  9:36  Lurker  
  167  10:10  Roach  
  167  10:11  Roach x8  
  178  10:28  Zerg Missile Weapons Level 2  
  178  10:29  Zerg Ground Armor Level 2  
  178  10:32  Viper  
  178  10:36  Drone  
  178  10:37  Drone x2  
  178  10:38  Drone x2  
  178  10:40  Drone x2  
  178  10:42  Drone  
  178  10:44  Overlord x3  
  178  11:28  Mutalisk  
  178  11:29  Mutalisk x4  
Show
View Real Time Build Order
Export as new Build Order

GHF Terran 

Build Orders: Mech 

Get SALT Encoding   

  12  0:01  SCV  
  13  0:13  SCV  
  14  0:25  SCV  
  14  0:26  Supply Depot  
  15  0:43  Refinery  
  15  0:45  Refinery  
  15  0:48  SCV  
  16  0:50  Barracks  
  16  1:00  SCV  
  17  1:12  SCV  
  18  1:24  SCV  
  19  1:39  Command Center  
  19  1:47  Orbital Command  
  19  2:10  Factory  
  19  2:11  Barracks Reactor  
  19  2:22  SCV, Supply Depot  
  20  2:34  SCV  
  20  2:46  SCV  
  20  2:48  Factory  
  20  2:49  Marine x2  
  23  2:55  Factory  
  23  3:04  Factory Reactor  
  23  3:10  Orbital Command  
  23  3:27  SCV  
  23  3:32  Factory Reactor  
  24  3:37  SCV  
  24  3:39  SCV, Factory Tech Lab  
  26  3:42  Hellion x2  
  30  3:49  SCV  
  31  3:58  Starport  
  31  4:02  SCV x2, Refinery  
  33  4:05  Supply Depot  
  33  4:06  Refinery  
  33  4:07  Hellion  
  35  4:10  Hellion  
  35  4:14  SCV  
  35  4:15  Widow Mine x2  
  42  4:24  Armory  
  42  4:26  SCV  
  42  4:28  SCV  
  45  4:38  SCV  
  45  4:40  SCV  
  45  4:41  Supply Depot  
  48  4:45  Hellion  
  48  4:46  Widow Mine  
  48  4:50  SCV  
  51  4:54  Siege Tank  
  54  5:10  Starport  
  54  5:16  Hellion x2  
  54  5:17  Hellion x2  
  62  5:33  Supply Depot  
  62  5:34  Terran Vehicle Weapons Level 1  
  62  5:35  Supply Depot  
  62  5:41  Armory  
  62  5:47  Supply Depot  
  62  5:55  SCV x2  
  64  6:00  Siege Tank  
  67  6:07  SCV x2  
  69  6:12  Widow Mine x2  
  69  6:15  Medivac x2  
  69  6:18  Starport Reactor  
  77  6:19  SCV  
  77  6:23  Hellion x2  
  77  6:24  Starport  
  82  6:54  SCV x2  
  84  7:06  SCV x2  
  86  7:14  Command Center  
  86  7:16  Starport Tech Lab  
  86  7:24  Terran Ship Weapons Level 1  
  86  7:28  Liberator x2  
  85  7:45  Hellion, Siege Tank  
  85  7:49  Supply Depot  
  85  7:50  Supply Depot  
  94  8:01  Supply Depot  
  94  8:10  SCV x2, Hellion, Medivac x2  
  94  8:11  Banshee  
  94  8:12  Hellion x2  
  109  8:15  Cloaking Field  
  109  8:17  Terran Vehicle Weapons Level 2  
  109  8:22  SCV  
  109  8:23  SCV  
  111  8:34  SCV  
  112  8:43  Hellion x2  
  112  8:44  Hellion  
  112  8:47  Liberator x3  
  118  8:50  Command Center, Siege Tank  
  118  8:51  Hellion  
  118  8:52  Orbital Command  
  118  8:53  Factory  
  118  8:55  Factory  
  123  9:00  Engineering Bay  
  123  9:02  Banshee  
  117  9:41  Siege Tank  
  117  9:42  Hellion x2  
Tags
 
Add a new tag
Caveats
  • Supply blocks, unpowered buildings, or Contaminate may cause inaccurate times.
  • Supply counts are checked every 10 seconds.